 Dungeon Crawl Stone Soup version 0.27.1-1-g398f81649c (webtiles) character file.

Game seed: 3856345701129279182

299 Icepheonix32 the Ducker (level 6, -1/35 HPs)
             Began as a Kobold Warper on Sept 12, 2021.
             Slain by a gnoll (7 damage)
             ... on level 3 of the Dungeon on Sept 13, 2021.
             The game lasted 00:09:56 (4902 turns).

Icepheonix32 the Ducker (Kobold Warper)             Turns: 4902, Time: 00:09:56

Health: -1/35      AC:  4    Str:  8    XL:     6   Next: 63%
Magic:  9/9        EV: 16    Int: 15    God:
Gold:   192        SH:  0    Dex: 16    Spells: 1/9 levels left

rFire    . . .     SeeInvis .   j - +0 dagger (vamp)
rCold    + . .     Faith    .   (shield restricted)
rNeg     . . .     Spirit   .   b - +0 leather armour
rPois    .         Reflect  .   (no helmet)
rElec    .         Harm     .   (no cloak)
rCorr    .         Rampage  .   (no gloves)
Will     .....                  g - +0 pair of boots
Stlth    +++.......             (no amulet)
HPRegen  0.11/turn              l - ring of protection from cold
MPRegen  0.11/turn              (no ring)

@: no status effects
A: small, no large weapons, nightstalker 3
a: no special abilities


You were on level 3 of the Dungeon.
You visited 1 branch of the dungeon, and saw 3 of its levels.

You collected 192 gold pieces.

Inventory:

Hand Weapons
 j - a +0 vampiric dagger (weapon)
 n - a +0 rapier
Missiles
 d - 4 boomerangs of dispersal (quivered)
Armour
 b - a +0 leather armour (worn)
 g - a +0 pair of boots (worn)
 k - a +0 buckler
Jewellery
 l - a ring of protection from cold (left hand)
Wands
 f - a wand of flame (12)
Scrolls
 c - a scroll of blinking
 h - a scroll of immolation
Potions
 i - a potion of brilliance {unknown}
 m - a potion of attraction {unknown}
 o - a potion of curing
 p - a potion of might {unknown}


   Skills:
 - Level 2.1 Fighting
 - Level 4.1 Short Blades
 - Level 1.1 Throwing
 - Level 0.7 Armour
 + Level 5.3 Dodging
 + Level 4.0 Stealth
 * Level 2.0 Shields
 - Level 2.1 Spellcasting
 - Level 3.0 Translocations


You had one spell level left.
You knew the following spells:

 Your Spells              Type           Power      Damage    Failure   Level
a - Blink                 Tloc           N/A        N/A       14%         2
b - Teleport Other        Tloc           10%        N/A       26%         3
c - Portal Projectile     Hex/Tloc       12%        N/A       45%         3

Your spell library contained the following spells:

 Spells                   Type           Power      Damage    Failure   Level
 Gell's Gravitas          Tloc           5%         N/A       26%         3
 Lesser Beckoning         Tloc           5%         N/A       26%         3
 Manifold Assault         Tloc           10%        N/A       94%         5
 Blade Hands              Tmut           0%         N/A       100%        5
 Excruciating Wounds      Necr           0%         N/A       100%        5


Dungeon Overview and Level Annotations

Branches:
Dungeon (3/15)

Altars:
Qazlal

Annotations:
D:3 1 runed translucent door


Innate Abilities, Weirdness & Mutations

You are small and have problems with some larger weapons.
You are completely attuned to the shadows.


Message History

The gnoll is poisoned.
The gnoll is severely wounded.
The gnoll hits you from afar with a +0 spear!
The gnoll barely misses you.
The gnoll looks more healthy.
You see here 19 arrows.
Throw: dart (poison)
Press: ? - help, Q - select action, (/) - cycle Shift-Dir - straight line, f/p - gnoll
Aim: a gnoll, wielding a +0 spear (almost dead, poisoned, 64% to hit)
You throw a poisoned dart.
The poisoned dart barely misses the gnoll.
The poisoned dart hits the gnoll.
The gnoll is almost dead.
You kill the gnoll!
The gnoll misses you.
Unknown command.
Throw: 5 boomerangs (disperse)
Press: ? - help, Q - select action, (/) - cycle Shift-Dir - straight line, f - rat
Aim: a rat (60% to hit)
You throw a boomerang of dispersal.
The boomerang of dispersal barely misses the rat.
The gnoll misses you.
You hit the rat.
You feel better.
The rat is severely wounded.
The rat misses you.
The gnoll hits you from afar with a +0 spear.
You hit the rat.
You feel better.
You kill the rat!
The gnoll hits you from afar with a +0 spear.
The gnoll hits you with a +0 spear!
* * * LOW HITPOINT WARNING * * *
You hit the gnoll but do no damage.
The gnoll is heavily wounded.
You hit the gnoll but do no damage.
The gnoll is heavily wounded.
The gnoll misses you.
You hit the gnoll but do no damage.
The gnoll is heavily wounded.
The gnoll hits you with a +0 spear!
You die...

#......P............
#..............P....
#....≈≈≈≈≈≈≈≈≈≈≈≈≈≈≈
#....≈≈≈≈≈≈≈≈≈≈≈≈≈≈≈
#....≈≈#####≈≈≈≈≈≈≈≈
#....≈≈# g. #....≈≈#
#....≈≈## #..@.≈≈≈.
#..g.≈≈≈. #..).≈≈≈.
#..(.≈≈≈. #.P..≈≈≈.
#....≈≈≈. #....≈≈≈.
#....≈≈≈. #....≈≈#


You could see a gnoll.

Vanquished Creatures
  A howler monkey (D:3)
  2 hounds
  Natasha (thrice) (D:2)
  4 gnolls (D:3)
  2 worms (D:3)
  2 dart slugs
  4 orcs (D:3)
  5 endoplasms
  A giant cockroach (D:3)
  4 goblins
  7 hobgoblins
  15 jackals
  2 quokkas
  3 ball pythons (D:2)
  6 bats
  A frilled lizard (D:2)
  5 kobolds
  8 rats
75 creatures vanquished.

Vanquished Creatures (others)
  5 plants (D:3)
5 creatures vanquished.

Grand Total: 80 creatures vanquished

Notes
Turn   | Place    | Note
-------+----------+-------------------------------------------
     0 | D:1      | Icepheonix32 the Kobold Warper began the quest for the Orb.
     0 | D:1      | Reached XP level 1. HP: 12/12 MP: 3/3
   102 | D:1      | Reached XP level 2. HP: 11/17 MP: 5/5
   325 | D:1      | Reached skill level 3 in Dodging
   370 | D:1      | Found a faded altar of an unknown god.
   774 | D:1      | Reached XP level 3. HP: 21/21 MP: 6/6
  1123 | D:1      | Reached skill level 1 in Stealth
  1846 | D:2      | Noticed Natasha
  1859 | D:2      | Killed Natasha
  1860 | D:2      | Reached XP level 4. HP: 7/26 MP: 7/7
  2237 | D:2      | Noticed Natasha
  2256 | D:2      | Killed Natasha
  2257 | D:2      | Reached skill level 1 in Shields
  2635 | D:2      | Noticed Natasha
  2649 | D:2      | Killed Natasha
  2650 | D:2      | Reached skill level 4 in Dodging
  2650 | D:2      | Reached XP level 5. HP: 10/30 MP: 8/8
  3380 | D:3      | Found a stormy altar of Qazlal.
  3612 | D:3      | HP: 1/30 [hound (2)]
  3617 | D:3      | Reached XP level 6. HP: 5/35 MP: 9/9
  3907 | D:3      | Learned a level 2 spell: Blink
  3911 | D:3      | Learned a level 3 spell: Teleport Other
  3915 | D:3      | Learned a level 3 spell: Portal Projectile
  4374 | D:3      | Found a runed translucent door.
  4680 | D:3      | Reached skill level 5 in Dodging
  4902 | D:3      | Slain by a gnoll

Illustrated notes

Levels and vault maps discovered:
D:1:      heliophobic_arrival_enchanted_forest, layout_loops_ring,
          dreamdust_ecumenical_altar_angels_and_demons
D:2:      layout_basic, uniq_natasha
D:3:      lemuel_castle_with_subvaults [lemuel_castle_interior_carwin_1],
          layout_loops_ring, nicolae_qazlal_general_emergency,
          kennysheep_cross_room, uniq_crazy_yiuf_cottage

Skill      XL: |  1  2  3  4  5  6 |
---------------+-------------------+-----
Short Blades   | 3 4 |  4.1
Dodging        | 3 4 5 |  5.3
Stealth        | 1 2 3 4 |  4.0
Shields        | 1 2 |  2.0
Fighting       | |  2.1
Throwing       | |  1.1
Armour         | |  0.7
Spellcasting   | |  2.1
Translocations | |  3.0

Action                   |  1- 3 |  4- 6 || total
-------------------------+-------+-------++-------
Melee: Short sword       |   147 |       ||   147
       Dagger            |    17 |   393 ||   410
Throw: Dart              |     2 |    38 ||    40
       Boomerang         |       |     1 ||     1
 Cast: Blink             |       |     3 ||     3
  Use: Potion            |       |     4 ||     4
       Scroll            |       |     1 ||     1
 Stab: Sleeping          |     5 |     7 ||    12
Armor: Leather armour    |    34 |    92 ||   126
Dodge: Dodged            |   123 |   362 ||   485
